Capitals vs Islanders

Created - 15 avril 2024 at 11:30

Goals
1 2 3 T
Capitals 0 0 1 1
Islanders 1 0 2 3
Shots
1 2 3 T
Capitals 6 10 13 29
Islanders 14 17 14 45

GoalsPenalties
1st period
1. Islanders , Nick Schmaltz 27 (Alexandre Carrier 14, Jason Zucker 11) at 8:49
Damon Severson (WAS) for Interference (Minor) at 5:58
2nd period
No Goal
Johnny Gaudreau (NYI) for Holding Stick (Minor) at 7:54
3rd period
2. Capitals , Quinton Byfield 11 (Damon Severson 15) at 1:40
3. Islanders , Nick Schmaltz 28 (Brock Nelson 30) at 8:37
4. Islanders , Jean-Gabriel Pageau 12 (Johnny Gaudreau 31, Rickard Rakell 30) at 12:17 (PP)
Jake Guentzel (WAS) for Holding (Minor) at 3:22
Adam Fantilli (WAS) for Roughing (Minor) at 12:05
Andrew Cogliano (WAS) for High sticking (Minor) at 16:54
Goalie Stats
Samuel Montembeault (WAS), 42 saves from 45 shots - (0,933), L, 11-23-3, 60:00 minutes
Laurent Brossoit (NYI), 28 saves from 29 shots - (0,966), W, 10-7-5, 60:00 minutes
3 StarsOfficial
1 - Nick Schmaltz (NYI)
2 - Laurent Brossoit (NYI)
3 - Brock Nelson (NYI)
Referees : Beaudry Halkidis and Kenny Anderson
Linesman : Shandor Alphonso and Brad Kovachik
Game Note
No Game Note
Finance
Level 1 -- Attendance: 5681 (94,68%) -- Ticket Income $568,100
Level 2 -- Attendance: 5000 (100,00%) -- Ticket Income $300,000
Level 3 -- Attendance: 1935 (96,75%) -- Ticket Income $67,725
Level 4 -- Attendance: 3959 (98,98%) -- Ticket Income $79,180
Luxury Box -- Attendance: 944 (94,40%) -- Ticket Income $188,800
Game was played at the Long Island Arena.
Total Attendance: 17519 (97,33%)
Total Ticket Income: $1,203,805
Other Income: $589,864
Total Income: $1,793,669



Team Name Goals Shots Shots Attemp Shots Blocked PIM HIT PP PK FO%
Capitals 12969148190 / 1 (0%)137%
Islanders 34586192181 / 4 (25%)063%

Capitals
Player Name POS G A P +/- PIM HIT SHT SB MP PP MP PP SHT PK MP PK SHT FO% FOT GA TA
Adam FantilliC0000203012:470:0000:0000% 010
Adam LowryC/LW0000020013:190:0000:00043% 1402
Andrew CoglianoC/LW/RW000-1212117:230:5702:08042% 1211
Cal ClutterbuckLW/RW0000020113:591:0200:0000% 100
Cam YorkD000-1020319:400:0003:0700% 001
Damon SeversonD0110213016:471:0200:0000% 011
Derek GrantC0000012012:480:0000:00043% 1410
Elias PetterssonLW000-1011016:540:5702:1800% 111
Isac LundestromC/LW0001000011:550:0001:1700% 100
Jake GuentzelC/LW000-1242017:451:0201:59050% 610
Joel ArmiaLW/RW0001000111:150:0000:4100% 010
Joel Eriksson EkC/LW/RW0000011015:221:0201:0100% 130
Justin SchultzD000-1020325:020:5703:4000% 001
Kyle PalmieriLW/RW000-1005014:290:5700:0000% 100
Marc-Edouard VlasicD0000002220:060:5702:5500% 001
Oliver Ekman-LarssonD0000001320:141:0200:0700% 000
Quinton ByfieldC1010017015:000:0002:54029% 1410
Zach BogosianD000-1010019:020:0002:2900% 000
Islanders
Player Name POS G A P +/- PIM HIT SHT SB MP PP MP PP SHT PK MP PK SHT FO% FOT GA TA
Alexandre CarrierD0110002218:493:0610:0000% 001
Brady SkjeiD0001021221:583:0300:0000% 002
Brent BurnsRW/D0000002224:062:5110:5800% 000
Brock NelsonC/LW0112026119:242:5700:00071% 2810
Frank VatranoC/LW/RW0002034219:242:5700:0000% 201
Ian ColeD0000011218:150:0001:0100% 003
James van RiemsdykLW0000001013:270:3300:00050% 210
Jason DickinsonC/LW000001107:480:0001:06075% 400
Jason ZuckerLW/RW0110034213:270:3300:0000% 000
Jean-Gabriel PageauC/LW/RW101-1023118:542:3920:26071% 1400
Jesper FastLW/RW000000107:410:1200:2710% 121
Joel EdmundsonD0000010117:130:3500:5800% 001
Johnny GaudreauLW011-1202018:052:3700:0000% 101
Jordan StaalC/LW0000001313:520:0000:26056% 900
Morgan BarronC/LW/RW000002117:480:0001:0600% 000
Nick SchmaltzC/LW/RW20220012019:512:5710:27067% 320
Rickard RakellLW/RW011-1003017:562:3920:0000% 120
William BorgenD0001010020:023:0601:0100% 001

Capitals

5 vs 5 Forward
Line #Left WingCenterRight WingPHYDFOFWanted %Time %Time Play
1Jake GuentzelAdam LowryJoel Eriksson Ek1133029%14:58
2Elias PetterssonAndrew CoglianoKyle Palmieri1222826%13:32
3Adam FantilliDerek GrantCal Clutterbuck1312625%12:48
4Isac LundestromQuinton ByfieldJoel Armia1311620%10:34
5 vs 5 Defense
Line #DefenseDefensePHYDFOFWanted %Time %Time Play
1Justin SchultzOliver Ekman-Larsson1223029%14:58
2Damon SeversonMarc-Edouard Vlasic1223030%15:22
3Cam YorkZach Bogosian1223031%15:53
4Justin SchultzOliver Ekman-Larsson1221011%5:39
Power Play Forward
Line #Left WingCenterRight WingPHYDFOFWanted %Time %Time Play
1Cal ClutterbuckJake GuentzelJoel Eriksson Ek1226052%1:02
2Elias PetterssonAndrew CoglianoKyle Palmieri1224048%0:57
Power Play Defense
Line #DefenseDefensePHYDFOFWanted %Time %Time Play
1Damon SeversonOliver Ekman-Larsson1226052%1:02
2Justin SchultzMarc-Edouard Vlasic1224048%0:57
Penalty Kill 4 Players Forward
Line #CenterWingPHYDFOFWanted %Time %Time Play
1Quinton ByfieldAndrew Cogliano1316089%5:28
2Isac LundestromJoel Armia1314011%0:41
Penalty Kill 4 Players Defense
Line #DefenseDefensePHYDFOFWanted %Time %Time Play
1Cam YorkJustin Schultz1226060%3:40
2Zach BogosianMarc-Edouard Vlasic1224040%2:29
Penalty Kill 3 Players
Line #WingPHYDFOFWanted %Time %Time PlayDefenseDefensePHYDFOFWanted %Time %Time Play
1Quinton Byfield122600%0:00 Justin SchultzZach Bogosian122600%0:00
2Andrew Cogliano122400%0:00 Cam YorkMarc-Edouard Vlasic122400%0:00
4 vs 4 Forward
Line #CenterWingPHYDFOFWanted %Time %Time Play
1Joel Eriksson EkJake Guentzel122600%0:00
2Cal ClutterbuckElias Pettersson122400%0:00
4 vs 4 Defense
Line #DefensePHYDFOFWanted %Time %Time Play
1Justin SchultzOliver Ekman-Larsson122600%0:00
2Damon SeversonMarc-Edouard Vlasic122400%0:00
Last Minutes Offensive
Left WingCenterRight WingDefenseDefense
Joel Eriksson EkJake GuentzelCal ClutterbuckDamon SeversonOliver Ekman-Larsson
Last Minutes Defensive
Left WingCenterRight WingDefenseDefense
Joel Eriksson EkJake GuentzelCal ClutterbuckJustin SchultzOliver Ekman-Larsson
Time
Total ForwardTotal DefenseLast Minutes OffensiveLast Minutes Defensive
60:00 60:00 0:000:00
Extra Forwards
Normal PowerPlayPenalty Kill
Jake Guentzel, Joel Eriksson Ek, Cal ClutterbuckJoel Eriksson Ek, Jake GuentzelJake Guentzel
Extra Defensemen
Normal PowerPlayPenalty Kill
Justin Schultz, Damon Severson, Cam YorkJustin Schultz, Damon SeversonCam York
Penalty Shots
Jake Guentzel, Joel Eriksson Ek, Elias Pettersson, Kyle Palmieri, Cal Clutterbuck
Goalie
Samuel Montembeault, Robin Lehner
Custom OT Lines Forwards
Jake Guentzel, Joel Eriksson Ek, Elias Pettersson, Adam Lowry, Quinton Byfield, Kyle Palmieri, Isac Lundestrom, Joel Armia, Andrew Cogliano, Cal Clutterbuck
Custom OT Lines Defensemen
Oliver Ekman-Larsson, Cam York, Marc-Edouard Vlasic, Damon Severson, Justin Schultz
Scratches
Anders Bjork (Healthy), Nathan Beaulieu (Healthy), Brandon Bussi (Healthy)

Islanders

5 vs 5 Forward
Line #Left WingCenterRight WingPHYDFOFWanted %Time %Time Play
1Frank VatranoBrock NelsonNick Schmaltz0233432%16:47
2Johnny GaudreauJean-Gabriel PageauRickard Rakell0233430%15:29
3James van RiemsdykJordan StaalJason Zucker0232625%12:54
4Morgan BarronJason DickinsonJesper Fast023613%6:42
5 vs 5 Defense
Line #DefenseDefensePHYDFOFWanted %Time %Time Play
1Ian ColeBrent Burns1313535%17:54
2Brady SkjeiWilliam Borgen1313330%15:43
3Joel EdmundsonAlexandre Carrier1313230%15:40
4Brady SkjeiBrent Burns12205%2:35
Power Play Forward
Line #Left WingCenterRight WingPHYDFOFWanted %Time %Time Play
1Frank VatranoBrock NelsonNick Schmaltz0055050%3:03
2Johnny GaudreauJean-Gabriel PageauRickard Rakell0055050%3:06
Power Play Defense
Line #DefenseDefensePHYDFOFWanted %Time %Time Play
1Brady SkjeiBrent Burns0057050%3:03
2Alexandre CarrierWilliam Borgen0053050%3:06
Penalty Kill 4 Players Forward
Line #CenterWingPHYDFOFWanted %Time %Time Play
1Jason DickinsonMorgan Barron0506078%1:33
2Jordan StaalJean-Gabriel Pageau0504022%0:26
Penalty Kill 4 Players Defense
Line #DefenseDefensePHYDFOFWanted %Time %Time Play
1Ian ColeWilliam Borgen1406051%1:01
2Joel EdmundsonBrent Burns1404049%0:58
Penalty Kill 3 Players
Line #WingPHYDFOFWanted %Time %Time PlayDefenseDefensePHYDFOFWanted %Time %Time Play
1Jason Dickinson050600%0:00 Ian ColeWilliam Borgen140600%0:00
2Jean-Gabriel Pageau050400%0:00 Joel EdmundsonBrent Burns140400%0:00
4 vs 4 Forward
Line #CenterWingPHYDFOFWanted %Time %Time Play
1Brock NelsonNick Schmaltz023500%0:00
2Jean-Gabriel PageauRickard Rakell023500%0:00
4 vs 4 Defense
Line #DefensePHYDFOFWanted %Time %Time Play
1Ian ColeBrent Burns131500%0:00
2Brady SkjeiWilliam Borgen131500%0:00
Last Minutes Offensive
Left WingCenterRight WingDefenseDefense
Frank VatranoBrock NelsonNick SchmaltzBrady SkjeiBrent Burns
Last Minutes Defensive
Left WingCenterRight WingDefenseDefense
Jason DickinsonJordan StaalJean-Gabriel PageauIan ColeWilliam Borgen
Time
Total ForwardTotal DefenseLast Minutes OffensiveLast Minutes Defensive
60:00 60:00 0:000:00
Extra Forwards
Normal PowerPlayPenalty Kill
Brock Nelson, Jean-Gabriel Pageau, Jordan StaalJason Zucker, James van RiemsdykJesper Fast
Extra Defensemen
Normal PowerPlayPenalty Kill
Brent Burns, Brady Skjei, Alexandre CarrierJoel Edmundson, Brady SkjeiAlexandre Carrier
Penalty Shots
James van Riemsdyk, Frank Vatrano, Rickard Rakell, Brock Nelson, Nick Schmaltz
Goalie
Laurent Brossoit, Scott Wedgewood
Custom OT Lines Forwards
Brock Nelson, Johnny Gaudreau, Jean-Gabriel Pageau, Nick Schmaltz, Jordan Staal, Rickard Rakell, Jason Dickinson, Frank Vatrano, James van Riemsdyk, Jason Zucker
Custom OT Lines Defensemen
Brent Burns, Brady Skjei, Ian Cole, William Borgen, Alexandre Carrier
Scratches
Tomas Nosek (Healthy), Colin Miller (Healthy)


Play-by-Play

1st period


0:01 of 1st period - Brock Nelson wins face-off versus Adam Lowry in neutral zone.
0:53 of 1st period - Slapshot by Jordan Staal.
0:53 of 1st period - Stopped by Samuel Montembeault without a rebound.
0:54 of 1st period - Jason Dickinson wins face-off versus Quinton Byfield in Capitals zone.
1:09 of 1st period - Snap shot by Quinton Byfield.
1:09 of 1st period - Stopped by Laurent Brossoit with a rebound.
1:21 of 1st period - Icing by William Borgen.
1:22 of 1st period - Derek Grant wins face-off versus Jordan Staal in Islanders zone.
1:43 of 1st period - Wrist shot by Derek Grant.
1:43 of 1st period - Stopped by Laurent Brossoit without a rebound.
1:44 of 1st period - Jean-Gabriel Pageau wins face-off versus Adam Lowry in Islanders zone.
1:53 of 1st period - Snap shot by Rickard Rakell.
1:53 of 1st period - Shot Misses the Net.
2:15 of 1st period - Wrist shot by Nick Schmaltz.
2:15 of 1st period - Shot Blocked by Andrew Cogliano.
2:17 of 1st period - Slapshot by Alexandre Carrier.
2:17 of 1st period - Stopped by Samuel Montembeault with a rebound.
2:28 of 1st period - Icing by Elias Pettersson.
2:29 of 1st period - Jordan Staal wins face-off versus Andrew Cogliano in Capitals zone.
2:32 of 1st period - Wrist shot by Johnny Gaudreau.
2:32 of 1st period - Shot Blocked by Oliver Ekman-Larsson.
2:34 of 1st period - Wrist shot by Rickard Rakell.
2:34 of 1st period - Stopped by Samuel Montembeault with a rebound.
2:36 of 1st period - Wrist shot by Jean-Gabriel Pageau.
2:36 of 1st period - Deflect By Elias Pettersson.
2:36 of 1st period - Shot Misses the Net.
2:36 of 1st period - Puck is out of play.
2:37 of 1st period - Jean-Gabriel Pageau wins face-off versus Quinton Byfield in Capitals zone.
3:03 of 1st period - Johnny Gaudreau is hit by Quinton Byfield and loses puck.
3:35 of 1st period - Slapshot by Isac Lundestrom.
3:35 of 1st period - Shot Hit the Post.
3:37 of 1st period - Slapshot by Joel Armia.
3:37 of 1st period - Shot Blocked by Brady Skjei.
5:03 of 1st period - Wrist shot by Joel Armia.
5:03 of 1st period - Deflect By Quinton Byfield.
5:03 of 1st period - Shot Misses the Net.
5:03 of 1st period - Puck is out of play.
5:04 of 1st period - Nick Schmaltz wins face-off versus Jake Guentzel in Islanders zone.
5:04 of 1st period - Nick Schmaltz is hit by Joel Eriksson Ek.
5:16 of 1st period - Snap shot by Nick Schmaltz.
5:16 of 1st period - Stopped by Samuel Montembeault without a rebound.
5:17 of 1st period - Adam Lowry wins face-off versus Brock Nelson in Capitals zone.
5:24 of 1st period - Snap shot by Joel Eriksson Ek.
5:24 of 1st period - Shot Misses the Net.
5:51 of 1st period - Off-side.
5:52 of 1st period - Jordan Staal wins face-off versus Derek Grant in neutral zone.
5:58 of 1st period - Minor Penalty to Damon Severson for Interference.
5:59 of 1st period - Jake Guentzel wins face-off versus Frank Vatrano in Capitals zone.
6:14 of 1st period - Andrew Cogliano is hit by Brady Skjei and loses puck.
7:58 of 1st period - Penalty to Damon Severson is over, Damon Severson is back on ice.
8:20 of 1st period - Snap shot by Quinton Byfield.
8:20 of 1st period - Shot Blocked by Brent Burns.
8:22 of 1st period - Wrist shot by Quinton Byfield.
8:22 of 1st period - Stopped by Laurent Brossoit with a rebound.
8:24 of 1st period - Snap shot by Damon Severson.
8:24 of 1st period - Shot Blocked by Jordan Staal.
8:45 of 1st period - Icing by Justin Schultz.
8:46 of 1st period - Jordan Staal wins face-off versus Quinton Byfield in Capitals zone.
8:47 of 1st period - Snap shot by Jason Zucker.
8:47 of 1st period - Stopped by Samuel Montembeault with a rebound.
8:49 of 1st period - Slapshot by Alexandre Carrier.
8:49 of 1st period - Deflect By Nick Schmaltz.
8:49 of 1st period - Goal by Nick Schmaltz - Capitals : 0 - Islanders : 1.
8:50 of 1st period - Derek Grant wins face-off versus Brock Nelson in neutral zone.
8:55 of 1st period - Wrist shot by Adam Fantilli.
8:55 of 1st period - Stopped by Laurent Brossoit with a rebound.
10:10 of 1st period - Snap shot by Quinton Byfield.
10:10 of 1st period - Stopped by Laurent Brossoit with a rebound.
10:16 of 1st period - Snap shot by Joel Armia.
10:16 of 1st period - Shot Misses the Net.
11:39 of 1st period - Brock Nelson is hit by Zach Bogosian and loses puck.
11:54 of 1st period - Zach Bogosian is hit by Jean-Gabriel Pageau.
12:35 of 1st period - Wrist shot by Andrew Cogliano.
12:35 of 1st period - Shot Blocked by Jordan Staal.
12:40 of 1st period - Off-side.
12:41 of 1st period - Brock Nelson wins face-off versus Adam Lowry in neutral zone.
12:52 of 1st period - Slapshot by Brock Nelson.
12:52 of 1st period - Shot Misses the Net.
12:54 of 1st period - Slapshot by Brock Nelson.
12:54 of 1st period - Stopped by Samuel Montembeault with a rebound.
12:56 of 1st period - Snap shot by Frank Vatrano.
12:56 of 1st period - Stopped by Samuel Montembeault without a rebound.
12:57 of 1st period - Jordan Staal wins face-off versus Derek Grant in Capitals zone.
13:27 of 1st period - Slapshot by Nick Schmaltz.
13:27 of 1st period - Shot Blocked by Marc-Edouard Vlasic.
13:35 of 1st period - Wrist shot by Frank Vatrano.
13:35 of 1st period - Shot Misses the Net.
14:24 of 1st period - Icing by Damon Severson.
14:25 of 1st period - James van Riemsdyk wins face-off versus Quinton Byfield in Capitals zone.
14:36 of 1st period - Snap shot by James van Riemsdyk.
14:36 of 1st period - Stopped by Samuel Montembeault with a rebound.
14:40 of 1st period - Slapshot by Jason Zucker.
14:40 of 1st period - Shot Blocked by Joel Armia.
14:50 of 1st period - Snap shot by Andrew Cogliano.
14:50 of 1st period - Shot Misses the Net.
15:34 of 1st period - Snap shot by Jesper Fast.
15:34 of 1st period - Shot Blocked by Oliver Ekman-Larsson.
15:36 of 1st period - Wrist shot by Morgan Barron.
15:36 of 1st period - Stopped by Samuel Montembeault with a rebound.
15:44 of 1st period - Jesper Fast is hit by Justin Schultz and loses puck.
16:06 of 1st period - Wrist shot by Jason Zucker.
16:06 of 1st period - Stopped by Samuel Montembeault without a rebound.
16:07 of 1st period - Andrew Cogliano wins face-off versus Brock Nelson in Capitals zone.
17:00 of 1st period - Justin Schultz is hit by Jean-Gabriel Pageau and loses puck.
17:17 of 1st period - Snap shot by Jason Dickinson.
17:17 of 1st period - Stopped by Samuel Montembeault without a rebound.
17:18 of 1st period - Jason Dickinson wins face-off versus Kyle Palmieri in Capitals zone.
17:29 of 1st period - Jason Dickinson is hit by Elias Pettersson and loses puck.
17:42 of 1st period - Wrist shot by Kyle Palmieri.
17:42 of 1st period - Shot Blocked by Ian Cole.
17:44 of 1st period - Wrist shot by Elias Pettersson.
17:44 of 1st period - Shot Blocked by Ian Cole.
17:46 of 1st period - Snap shot by Kyle Palmieri.
17:46 of 1st period - Stopped by Laurent Brossoit without a rebound.
17:47 of 1st period - Derek Grant wins face-off versus Brock Nelson in Islanders zone.
17:48 of 1st period - Wrist shot by Adam Fantilli.
17:48 of 1st period - Shot Misses the Net.
17:56 of 1st period - Wrist shot by Brock Nelson.
17:56 of 1st period - Shot Misses the Net.
17:58 of 1st period - Snap shot by Brock Nelson.
17:58 of 1st period - Deflect By Derek Grant.
17:58 of 1st period - Stopped by Samuel Montembeault with a rebound.
18:00 of 1st period - Snap shot by Brock Nelson.
18:00 of 1st period - Stopped by Samuel Montembeault with a rebound.
18:02 of 1st period - Snap shot by Frank Vatrano.
18:02 of 1st period - Shot Blocked by Cal Clutterbuck.
18:04 of 1st period - Snap shot by Frank Vatrano.
18:04 of 1st period - Shot Misses the Net.
18:26 of 1st period - Wrist shot by Joel Eriksson Ek.
18:26 of 1st period - Shot Blocked by Joel Edmundson.
18:46 of 1st period - Snap shot by James van Riemsdyk.
18:46 of 1st period - Shot Hit the Post.
19:30 of 1st period - Frank Vatrano is hit by Derek Grant.
19:44 of 1st period - Rickard Rakell is hit by Justin Schultz and loses puck.
19:49 of 1st period - Snap shot by Jake Guentzel.
19:49 of 1st period - Deflect By Joel Eriksson Ek.
19:49 of 1st period - Shot Misses the Net.
19:49 of 1st period - Puck is out of play.
19:50 of 1st period - Adam Lowry wins face-off versus Jordan Staal in Islanders zone.
Goals for this period are 0 for Capitals vs 1 for Islanders.
Shots for this period are 6 for Capitals vs 14 for Islanders.

2nd period


0:01 of 2nd period - Brock Nelson wins face-off versus Adam Lowry in neutral zone.
0:06 of 2nd period - Snap shot by Frank Vatrano.
0:06 of 2nd period - Stopped by Samuel Montembeault without a rebound.
0:07 of 2nd period - Adam Lowry wins face-off versus Nick Schmaltz in Capitals zone.
0:15 of 2nd period - Off-side.
0:16 of 2nd period - Brock Nelson wins face-off versus Andrew Cogliano in neutral zone.
0:21 of 2nd period - Wrist shot by Nick Schmaltz.
0:21 of 2nd period - Stopped by Samuel Montembeault with a rebound.
0:23 of 2nd period - Snap shot by Brent Burns.
0:23 of 2nd period - Stopped by Samuel Montembeault without a rebound.
0:24 of 2nd period - Brock Nelson wins face-off versus Andrew Cogliano in Capitals zone.
0:36 of 2nd period - Slapshot by Brock Nelson.
0:36 of 2nd period - Stopped by Samuel Montembeault with a rebound.
0:38 of 2nd period - Snap shot by Brock Nelson.
0:38 of 2nd period - Shot Misses the Net.
0:44 of 2nd period - Snap shot by Brock Nelson.
0:44 of 2nd period - Shot Misses the Net.
0:46 of 2nd period - Snap shot by Nick Schmaltz.
0:46 of 2nd period - Stopped by Samuel Montembeault with a rebound.
0:48 of 2nd period - Snap shot by Brent Burns.
0:48 of 2nd period - Shot Blocked by Marc-Edouard Vlasic.
0:50 of 2nd period - Snap shot by Frank Vatrano.
0:50 of 2nd period - Stopped by Samuel Montembeault with a rebound.
0:52 of 2nd period - Wrist shot by Brock Nelson.
0:52 of 2nd period - Shot Misses the Net.
0:56 of 2nd period - Snap shot by Nick Schmaltz.
0:56 of 2nd period - Stopped by Samuel Montembeault without a rebound.
0:57 of 2nd period - Jean-Gabriel Pageau wins face-off versus Cal Clutterbuck in Capitals zone.
1:33 of 2nd period - Joel Eriksson Ek is hit by Jason Zucker.
1:47 of 2nd period - Wrist shot by Nick Schmaltz.
1:47 of 2nd period - Shot Misses the Net.
2:25 of 2nd period - Snap shot by Kyle Palmieri.
2:25 of 2nd period - Stopped by Laurent Brossoit with a rebound.
2:27 of 2nd period - Snap shot by Derek Grant.
2:27 of 2nd period - Stopped by Laurent Brossoit with a rebound.
3:09 of 2nd period - Slapshot by Brock Nelson.
3:09 of 2nd period - Shot Misses the Net.
3:11 of 2nd period - Snap shot by Brock Nelson.
3:11 of 2nd period - Deflect By Frank Vatrano.
3:11 of 2nd period - Stopped by Samuel Montembeault with a rebound.
3:27 of 2nd period - Andrew Cogliano is hit by Morgan Barron and loses puck.
3:34 of 2nd period - Kyle Palmieri is hit by Jason Dickinson and loses puck.
4:08 of 2nd period - Snap shot by Jordan Staal.
4:08 of 2nd period - Shot Misses the Net.
4:10 of 2nd period - Slapshot by William Borgen.
4:10 of 2nd period - Shot Blocked by Oliver Ekman-Larsson.
4:18 of 2nd period - James van Riemsdyk is hit by Jake Guentzel and loses puck.
4:30 of 2nd period - Off-side.
4:31 of 2nd period - Brock Nelson wins face-off versus Quinton Byfield in neutral zone.
4:48 of 2nd period - Snap shot by Brock Nelson.
4:48 of 2nd period - Shot Misses the Net.
4:54 of 2nd period - Snap shot by Joel Armia.
4:54 of 2nd period - Shot Blocked by Alexandre Carrier.
5:19 of 2nd period - Off-side.
5:20 of 2nd period - Jordan Staal wins face-off versus Derek Grant in neutral zone.
5:35 of 2nd period - Wrist shot by Jason Zucker.
5:35 of 2nd period - Shot Misses the Net.
5:47 of 2nd period - Ian Cole is hit by Adam Lowry and loses puck.
6:44 of 2nd period - James van Riemsdyk is hit by Jake Guentzel and loses puck.
7:25 of 2nd period - Slapshot by Kyle Palmieri.
7:25 of 2nd period - Deflect By Brent Burns.
7:25 of 2nd period - Stopped by Laurent Brossoit with a rebound.
7:54 of 2nd period - Minor Penalty to Johnny Gaudreau for Holding Stick.
7:55 of 2nd period - Jake Guentzel wins face-off versus Jason Dickinson in Islanders zone.
7:56 of 2nd period - Slapshot by Joel Eriksson Ek.
7:56 of 2nd period - Deflect By Morgan Barron.
7:56 of 2nd period - Shot Blocked by Morgan Barron.
7:56 of 2nd period - Puck is out of play.
7:57 of 2nd period - Jason Dickinson wins face-off versus Jake Guentzel in Islanders zone.
7:57 of 2nd period - Jason Dickinson is hit by Cal Clutterbuck.
8:54 of 2nd period - Snap shot by Jesper Fast.
8:54 of 2nd period - Stopped by Samuel Montembeault without a rebound.
8:55 of 2nd period - Jake Guentzel wins face-off versus Jesper Fast in Capitals zone.
9:20 of 2nd period - William Borgen is hit by Cal Clutterbuck and loses puck.
9:42 of 2nd period - Icing by Elias Pettersson.
9:43 of 2nd period - Andrew Cogliano wins face-off versus Jordan Staal in Capitals zone.
9:54 of 2nd period - Penalty to Johnny Gaudreau is over, Johnny Gaudreau is back on ice.
10:03 of 2nd period - Snap shot by Kyle Palmieri.
10:03 of 2nd period - Shot Blocked by Jean-Gabriel Pageau.
10:05 of 2nd period - Slapshot by Oliver Ekman-Larsson.
10:05 of 2nd period - Stopped by Laurent Brossoit without a rebound.
10:06 of 2nd period - Adam Lowry wins face-off versus Brock Nelson in Islanders zone.
10:55 of 2nd period - Icing by Elias Pettersson.
10:56 of 2nd period - Quinton Byfield wins face-off versus James van Riemsdyk in Capitals zone.
10:56 of 2nd period - Quinton Byfield is hit by Jason Zucker.
11:21 of 2nd period - Snap shot by Joel Eriksson Ek.
11:21 of 2nd period - Shot Misses the Net.
11:23 of 2nd period - Snap shot by Damon Severson.
11:23 of 2nd period - Stopped by Laurent Brossoit with a rebound.
11:25 of 2nd period - Wrist shot by Marc-Edouard Vlasic.
11:25 of 2nd period - Stopped by Laurent Brossoit without a rebound.
11:26 of 2nd period - Brock Nelson wins face-off versus Adam Lowry in Islanders zone.
11:35 of 2nd period - Snap shot by Nick Schmaltz.
11:35 of 2nd period - Stopped by Samuel Montembeault with a rebound.
11:37 of 2nd period - Snap shot by Brock Nelson.
11:37 of 2nd period - Stopped by Samuel Montembeault without a rebound.
11:38 of 2nd period - Brock Nelson wins face-off versus Andrew Cogliano in Capitals zone.
12:03 of 2nd period - Adam Lowry is hit by Brady Skjei and loses puck.
12:26 of 2nd period - Slapshot by Brent Burns.
12:26 of 2nd period - Shot Misses the Net.
12:28 of 2nd period - Wrist shot by James van Riemsdyk.
12:28 of 2nd period - Shot Misses the Net.
12:30 of 2nd period - Slapshot by Jordan Staal.
12:30 of 2nd period - Shot Misses the Net.
12:52 of 2nd period - Snap shot by Kyle Palmieri.
12:52 of 2nd period - Stopped by Laurent Brossoit with a rebound.
12:54 of 2nd period - Snap shot by Andrew Cogliano.
12:54 of 2nd period - Shot Misses the Net.
12:56 of 2nd period - Slapshot by Damon Severson.
12:56 of 2nd period - Stopped by Laurent Brossoit with a rebound.
13:46 of 2nd period - Cam York is hit by Morgan Barron and loses puck.
13:55 of 2nd period - Snap shot by Adam Fantilli.
13:55 of 2nd period - Shot Misses the Net.
14:07 of 2nd period - Snap shot by Nick Schmaltz.
14:07 of 2nd period - Stopped by Samuel Montembeault with a rebound.
14:42 of 2nd period - Wrist shot by Justin Schultz.
14:42 of 2nd period - Shot Blocked by Brent Burns.
14:44 of 2nd period - Snap shot by Quinton Byfield.
14:44 of 2nd period - Shot Misses the Net.
14:46 of 2nd period - Snap shot by Oliver Ekman-Larsson.
14:46 of 2nd period - Shot Blocked by Jordan Staal.
14:48 of 2nd period - Slapshot by Justin Schultz.
14:48 of 2nd period - Shot Misses the Net.
14:50 of 2nd period - Wrist shot by Joel Armia.
14:50 of 2nd period - Deflect By Quinton Byfield.
14:50 of 2nd period - Shot Misses the Net.
14:50 of 2nd period - Puck is out of play.
14:51 of 2nd period - Brock Nelson wins face-off versus Derek Grant in Islanders zone.
14:56 of 2nd period - Slapshot by Nick Schmaltz.
14:56 of 2nd period - Stopped by Samuel Montembeault without a rebound.
14:57 of 2nd period - Brock Nelson wins face-off versus Derek Grant in Capitals zone.
14:58 of 2nd period - Slapshot by Nick Schmaltz.
14:58 of 2nd period - Stopped by Samuel Montembeault with a rebound.
15:22 of 2nd period - Frank Vatrano is hit by Damon Severson and loses puck.
15:51 of 2nd period - Wrist shot by Elias Pettersson.
15:51 of 2nd period - Stopped by Laurent Brossoit with a rebound.
16:10 of 2nd period - Slapshot by Jason Zucker.
16:10 of 2nd period - Shot Blocked by Cam York.
16:12 of 2nd period - Slapshot by Ian Cole.
16:12 of 2nd period - Stopped by Samuel Montembeault without a rebound.
16:13 of 2nd period - Derek Grant wins face-off versus Jordan Staal in Capitals zone.
16:26 of 2nd period - Wrist shot by Jason Zucker.
16:26 of 2nd period - Stopped by Samuel Montembeault with a rebound.
16:28 of 2nd period - Snap shot by Jordan Staal.
16:28 of 2nd period - Shot Misses the Net.
16:42 of 2nd period - Wrist shot by Johnny Gaudreau.
16:42 of 2nd period - Stopped by Samuel Montembeault with a rebound.
17:44 of 2nd period - Slapshot by Damon Severson.
17:44 of 2nd period - Shot Misses the Net.
17:46 of 2nd period - Wrist shot by Isac Lundestrom.
17:46 of 2nd period - Shot Misses the Net.
17:48 of 2nd period - Slapshot by Damon Severson.
17:48 of 2nd period - Shot Misses the Net.
17:50 of 2nd period - Snap shot by Joel Armia.
17:50 of 2nd period - Shot Blocked by Frank Vatrano.
17:52 of 2nd period - Slapshot by Marc-Edouard Vlasic.
17:52 of 2nd period - Shot Misses the Net.
18:01 of 2nd period - Brady Skjei is hit by Jake Guentzel and loses puck.
19:30 of 2nd period - Slapshot by Alexandre Carrier.
19:30 of 2nd period - Shot Misses the Net.
19:55 of 2nd period - Wrist shot by Kyle Palmieri.
19:55 of 2nd period - Stopped by Laurent Brossoit with a rebound.
Goals for this period are 0 for Capitals vs 0 for Islanders.
Shots for this period are 10 for Capitals vs 17 for Islanders.

3rd period


0:01 of 3rd period - Brock Nelson wins face-off versus Elias Pettersson in neutral zone.
0:10 of 3rd period - Wrist shot by Kyle Palmieri.
0:10 of 3rd period - Shot Blocked by Brock Nelson.
0:12 of 3rd period - Slapshot by Kyle Palmieri.
0:12 of 3rd period - Deflect By Nick Schmaltz.
0:12 of 3rd period - Shot Blocked by Frank Vatrano.
0:12 of 3rd period - Puck is out of play.
0:13 of 3rd period - Jean-Gabriel Pageau wins face-off versus Adam Lowry in Islanders zone.
1:07 of 3rd period - Snap shot by Elias Pettersson.
1:07 of 3rd period - Shot Misses the Net.
1:09 of 3rd period - Snap shot by Cam York.
1:09 of 3rd period - Shot Blocked by Jason Zucker.
1:13 of 3rd period - Snap shot by Andrew Cogliano.
1:13 of 3rd period - Shot Misses the Net.
1:15 of 3rd period - Slapshot by Cam York.
1:15 of 3rd period - Shot Blocked by Brady Skjei.
1:26 of 3rd period - Off-side.
1:27 of 3rd period - Quinton Byfield wins face-off versus Rickard Rakell in neutral zone.
1:36 of 3rd period - Wrist shot by Quinton Byfield.
1:36 of 3rd period - Shot Blocked by Alexandre Carrier.
1:38 of 3rd period - Slapshot by Damon Severson.
1:38 of 3rd period - Stopped by Laurent Brossoit with a rebound.
1:40 of 3rd period - Snap shot by Quinton Byfield.
1:40 of 3rd period - Goal by Quinton Byfield - Capitals : 1 - Islanders : 1.
1:41 of 3rd period - Brock Nelson wins face-off versus Adam Lowry in neutral zone.
2:08 of 3rd period - Justin Schultz is hit by Ian Cole and loses puck.
2:15 of 3rd period - Jean-Gabriel Pageau is hit by Andrew Cogliano and loses puck.
2:38 of 3rd period - Slapshot by Jason Zucker.
2:38 of 3rd period - Stopped by Samuel Montembeault without a rebound.
2:39 of 3rd period - Adam Lowry wins face-off versus Brock Nelson in Capitals zone.
2:50 of 3rd period - Wrist shot by Joel Eriksson Ek.
2:50 of 3rd period - Stopped by Laurent Brossoit without a rebound.
2:51 of 3rd period - Jean-Gabriel Pageau wins face-off versus Andrew Cogliano in Islanders zone.
3:16 of 3rd period - Adam Lowry is hit by Frank Vatrano and loses puck.
3:22 of 3rd period - Minor Penalty to Jake Guentzel for Holding.
3:23 of 3rd period - Quinton Byfield wins face-off versus Jean-Gabriel Pageau in Capitals zone.
3:31 of 3rd period - Wrist shot by Rickard Rakell.
3:31 of 3rd period - Shot Blocked by Justin Schultz.
3:33 of 3rd period - Slapshot by Brent Burns.
3:33 of 3rd period - Deflect By Cam York.
3:33 of 3rd period - Stopped by Samuel Montembeault with a rebound.
3:35 of 3rd period - Slapshot by Rickard Rakell.
3:35 of 3rd period - Stopped by Samuel Montembeault with a rebound.
3:37 of 3rd period - Snap shot by Rickard Rakell.
3:37 of 3rd period - Shot Blocked by Cam York.
3:39 of 3rd period - Snap shot by Brent Burns.
3:39 of 3rd period - Shot Blocked by Cam York.
3:49 of 3rd period - Quinton Byfield is hit by Brock Nelson and loses puck.
5:10 of 3rd period - Icing by Brock Nelson.
5:11 of 3rd period - Brock Nelson wins face-off versus Joel Eriksson Ek in Islanders zone.
5:22 of 3rd period - Penalty to Jake Guentzel is over, Jake Guentzel is back on ice.
5:30 of 3rd period - Snap shot by Jake Guentzel.
5:30 of 3rd period - Stopped by Laurent Brossoit with a rebound.
5:48 of 3rd period - Wrist shot by Quinton Byfield.
5:48 of 3rd period - Stopped by Laurent Brossoit with a rebound.
5:50 of 3rd period - Wrist shot by Andrew Cogliano.
5:50 of 3rd period - Stopped by Laurent Brossoit with a rebound.
5:57 of 3rd period - Snap shot by Quinton Byfield.
5:57 of 3rd period - Stopped by Laurent Brossoit with a rebound.
5:59 of 3rd period - Backhand shot by Andrew Cogliano.
5:59 of 3rd period - Stopped by Laurent Brossoit with a rebound.
6:01 of 3rd period - Slapshot by Marc-Edouard Vlasic.
6:01 of 3rd period - Stopped by Laurent Brossoit without a rebound.
6:02 of 3rd period - Brock Nelson wins face-off versus Derek Grant in Islanders zone.
7:22 of 3rd period - Snap shot by Quinton Byfield.
7:22 of 3rd period - Stopped by Laurent Brossoit without a rebound.
7:23 of 3rd period - Brock Nelson wins face-off versus Quinton Byfield in Islanders zone.
7:32 of 3rd period - Snap shot by Brock Nelson.
7:32 of 3rd period - Shot Misses the Net.
7:53 of 3rd period - Off-side.
7:54 of 3rd period - Adam Lowry wins face-off versus Johnny Gaudreau in neutral zone.
8:09 of 3rd period - Icing by Marc-Edouard Vlasic.
8:10 of 3rd period - Brock Nelson wins face-off versus Adam Lowry in Capitals zone.
8:13 of 3rd period - Snap shot by Brock Nelson.
8:13 of 3rd period - Stopped by Samuel Montembeault with a rebound.
8:15 of 3rd period - Slapshot by Brock Nelson.
8:15 of 3rd period - Shot Misses the Net.
8:17 of 3rd period - Snap shot by Brady Skjei.
8:17 of 3rd period - Stopped by Samuel Montembeault without a rebound.
8:18 of 3rd period - Brock Nelson wins face-off versus Andrew Cogliano in Capitals zone.
8:37 of 3rd period - Backhand shot by Nick Schmaltz.
8:37 of 3rd period - Goal by Nick Schmaltz - Capitals : 1 - Islanders : 2.
8:38 of 3rd period - Derek Grant wins face-off versus Jean-Gabriel Pageau in neutral zone.
9:05 of 3rd period - Brent Burns is hit by Cam York.
9:09 of 3rd period - Snap shot by Brock Nelson.
9:09 of 3rd period - Shot Misses the Net.
9:31 of 3rd period - Adam Lowry is hit by Jason Zucker and loses puck.
9:48 of 3rd period - Snap shot by Jake Guentzel.
9:48 of 3rd period - Stopped by Laurent Brossoit without a rebound.
9:49 of 3rd period - Jean-Gabriel Pageau wins face-off versus Quinton Byfield in Islanders zone.
10:26 of 3rd period - Snap shot by Quinton Byfield.
10:26 of 3rd period - Shot Blocked by Jason Zucker.
10:32 of 3rd period - Oliver Ekman-Larsson is hit by Joel Edmundson and loses puck.
11:07 of 3rd period - Wrist shot by Rickard Rakell.
11:07 of 3rd period - Deflect By Derek Grant.
11:07 of 3rd period - Shot Misses the Net.
11:07 of 3rd period - Puck is out of play.
11:08 of 3rd period - Jean-Gabriel Pageau wins face-off versus Derek Grant in Capitals zone.
11:11 of 3rd period - Wrist shot by Rickard Rakell.
11:11 of 3rd period - Shot Misses the Net.
11:21 of 3rd period - Slapshot by Adam Fantilli.
11:21 of 3rd period - Stopped by Laurent Brossoit without a rebound.
11:22 of 3rd period - Andrew Cogliano wins face-off versus Frank Vatrano in Islanders zone.
11:54 of 3rd period - Cal Clutterbuck is hit by William Borgen and loses puck.
12:05 of 3rd period - Minor Penalty to Adam Fantilli for Roughing.
12:06 of 3rd period - Quinton Byfield wins face-off versus Jean-Gabriel Pageau in Capitals zone.
12:17 of 3rd period - Slapshot by Johnny Gaudreau.
12:17 of 3rd period - Deflect By Jean-Gabriel Pageau.
12:17 of 3rd period - Goal by Jean-Gabriel Pageau - Capitals : 1 - Islanders : 3.
12:18 of 3rd period - Brock Nelson wins face-off versus Jake Guentzel in neutral zone.
12:21 of 3rd period - Jake Guentzel is hit by Frank Vatrano and loses puck.
12:28 of 3rd period - Wrist shot by Oliver Ekman-Larsson.
12:28 of 3rd period - Deflect By Jake Guentzel.
12:28 of 3rd period - Shot Misses the Net.
12:28 of 3rd period - Puck is out of play.
12:29 of 3rd period - Andrew Cogliano wins face-off versus Jean-Gabriel Pageau in Islanders zone.
12:44 of 3rd period - Wrist shot by Jean-Gabriel Pageau.
12:44 of 3rd period - Stopped by Samuel Montembeault with a rebound.
12:46 of 3rd period - Slapshot by Johnny Gaudreau.
12:46 of 3rd period - Stopped by Samuel Montembeault with a rebound.
13:58 of 3rd period - Kyle Palmieri is hit by Frank Vatrano and loses puck.
15:33 of 3rd period - Snap shot by Nick Schmaltz.
15:33 of 3rd period - Stopped by Samuel Montembeault without a rebound.
15:34 of 3rd period - Andrew Cogliano wins face-off versus Brock Nelson in Capitals zone.
15:36 of 3rd period - Icing by Elias Pettersson.
15:37 of 3rd period - Brock Nelson wins face-off versus Andrew Cogliano in Capitals zone.
15:49 of 3rd period - Icing by Brady Skjei.
15:50 of 3rd period - Derek Grant wins face-off versus Brock Nelson in Islanders zone.
15:51 of 3rd period - Snap shot by Adam Fantilli.
15:51 of 3rd period - Stopped by Laurent Brossoit without a rebound.
15:52 of 3rd period - Brock Nelson wins face-off versus Derek Grant in Islanders zone.
15:57 of 3rd period - Cal Clutterbuck is hit by Brock Nelson and loses puck.
16:22 of 3rd period - Wrist shot by Joel Eriksson Ek.
16:22 of 3rd period - Shot Misses the Net.
16:48 of 3rd period - Wrist shot by James van Riemsdyk.
16:48 of 3rd period - Shot Misses the Net.
16:54 of 3rd period - Minor Penalty to Andrew Cogliano for High sticking.
16:55 of 3rd period - Nick Schmaltz wins face-off versus Quinton Byfield in Capitals zone.
17:00 of 3rd period - Wrist shot by Brock Nelson.
17:00 of 3rd period - Shot Blocked by Justin Schultz.
17:02 of 3rd period - Snap shot by Brent Burns.
17:02 of 3rd period - Shot Misses the Net.
17:04 of 3rd period - Wrist shot by Frank Vatrano.
17:04 of 3rd period - Shot Blocked by Justin Schultz.
17:06 of 3rd period - Slapshot by Brady Skjei.
17:06 of 3rd period - Deflect By Nick Schmaltz.
17:06 of 3rd period - Stopped by Samuel Montembeault without a rebound.
17:07 of 3rd period - Jean-Gabriel Pageau wins face-off versus Quinton Byfield in Capitals zone.
17:18 of 3rd period - Rickard Rakell is hit by Jake Guentzel and loses puck.
17:33 of 3rd period - Brent Burns is hit by Cam York and loses puck.
17:53 of 3rd period - Off-side.
17:54 of 3rd period - Jean-Gabriel Pageau wins face-off versus Isac Lundestrom in neutral zone.
17:57 of 3rd period - Slapshot by Rickard Rakell.
17:57 of 3rd period - Stopped by Samuel Montembeault with a rebound.
17:59 of 3rd period - Wrist shot by Jean-Gabriel Pageau.
17:59 of 3rd period - Stopped by Samuel Montembeault with a rebound.
18:01 of 3rd period - Slapshot by Alexandre Carrier.
18:01 of 3rd period - Deflect By Elias Pettersson.
18:01 of 3rd period - Stopped by Samuel Montembeault without a rebound.
18:02 of 3rd period - Jean-Gabriel Pageau wins face-off versus Quinton Byfield in Capitals zone.
18:54 of 3rd period - Penalty to Andrew Cogliano is over, Andrew Cogliano is back on ice.
19:46 of 3rd period - Jesper Fast is hit by Adam Lowry.
Goals for this period are 1 for Capitals vs 2 for Islanders.
Shots for this period are 13 for Capitals vs 14 for Islanders.




Output by the SimonT Hockey Simulator (STHS) for Eric Tremblay - Original Page W3C HTML5 Valid
Hockey Simulator - Hockey Simulation - Hockey Manager